AoeStats
← chilthing

Black Forest

510745157Analyzed
2v2 RM · 17h ago on Oct 2, 2026· 56m 50s· 4 players
Game mode
Random Map
Map size
Medium (4 player)
Population
200
Speed
Normal
Resources
Standard
Victory
Conquest
Starting age
Dark Age
Ending age
Imperial Age
RankedLock teamsTeams togetherTeam positionsShared explorationLock speedFull tech treeHidden civsTurbo modeCheats
Victory
Defeat
🇮🇹 Bohemians · Italy
915
+13
🇮🇹 Teutons · Italy
914
+13
🇨🇳 Burgundians · China
891
-14
🇮🇳 Khmer · India
825
-12
pussy noodles
0:31 Loom
12:55 Feudal Age
19:21 Castle Age
17:13 Horse Collar
17:19 Double-Bit Axe
17:40 Stone Mining
17:56 Gold Mining
29:18 Stone Shaft Mining
29:18 Gold Shaft Mining
31:45 Gold Shaft Mining
34:35 Imperial Age
31:53 Town Watch
32:55 Fortified Wall
33:54 Wheelbarrow
33:19 Town Patrol
33:44 Town Patrol
34:03 Bow Saw
33:55 Heavy Plow
34:27 Light Cavalry
35:17 Bloodlines
35:07 Husbandry
36:27 Crop Rotation
35:46 Hussar
36:50 Conscription
36:20 Elite Ballista Elephant
37:01 Double Crossbow
37:37 Hoardings
37:32 Forging
37:27 Scale Barding Armor
38:13 Hand Cart
38:50 Iron Casting
39:46 Siege Engineers
40:41 Chemistry
40:19 Chain Barding Armor
40:18 Masonry
40:04 Murder Holes
40:20 Capped Ram
41:40 Ballistics
41:44 Siege Ram
44:57 Blast Furnace
44:32 Plate Barding Armor
44:41 Plate Barding Armor
44:50 Architecture
chilthing
1:18 Loom
14:37 Feudal Age
18:16 Man-at-Arms
22:14 Castle Age
20:20 Horse Collar
21:38 Double-Bit Axe
22:09 Gold Mining
23:02 Forging
23:05 Bow Saw
27:29 Scale Barding Armor
28:05 Husbandry
27:29 Cavalier
30:32 Chain Barding Armor
36:58 Imperial Age
35:43 Iron Casting
41:37 Chemistry
40:54 Squires
41:08 Masonry
45:56 Plate Barding Armor
48:19 Two-Man Saw
47:54 Bombard Tower
54:12 Elite Skirmisher
Robyht
0:33 Loom
12:52 Feudal Age
18:12 Castle Age
17:44 Double-Bit Axe
17:58 Gold Mining
18:11 Horse Collar
20:26 Town Watch
20:54 Stone Mining
22:53 Wheelbarrow
23:16 Heavy Plow
26:31 Stone Shaft Mining
28:00 Bow Saw
29:30 Pikeman
34:47 Imperial Age
32:35 Hand Cart
33:16 Town Patrol
33:09 Fletching
33:30 Forging
33:20 Scale Mail Armor
34:49 Ballistics
34:39 Fortified Wall
35:14 Caravan
35:20 Bodkin Arrow
35:41 Chain Mail Armor
36:01 Iron Casting
34:57 Cavalier
36:14 Crenellations
35:57 Halberdier
37:59 Chemistry
38:29 Plate Mail Armor
38:09 Gambesons
38:55 Conscription
39:33 Paladin
40:35 Scale Barding Armor
44:25 Blast Furnace
43:50 Chain Barding Armor
46:32 Onager
48:43 Siege Onager
DaffySpace6253
0:35 Loom
14:50 Feudal Age
20:17 Castle Age
24:05 Fortified Wall
24:09 Horse Collar
24:25 Double-Bit Axe
27:33 Wheelbarrow
30:05 Pikeman
32:01 Caravan
33:46 Hand Cart
36:35 Imperial Age
35:17 Chemistry
34:49 Bow Saw
34:43 Heavy Plow
36:57 Fortified Wall
37:07 Ballistics
36:37 Town Watch
38:30 Town Patrol
39:33 Halberdier
40:51 Forging
40:32 Fletching
40:39 Onager
42:29 Conscription
47:06 Two-Man Saw
47:23 Iron Casting
46:51 Scale Mail Armor
46:32 Houfnice
50:51 Elite Hussite Wagon
Connection lost

Rejoining the realm…

Still unreachable

The connection could not be restored.

Session expired

The server has moved on; the page needs a fresh start.